 Dungeon Crawl Stone Soup version 0.31-a0-819-gf6de2f5ab6 (webtiles) character file.

Game seed: 11070175013768927958

46 qw the Shooter (level 3, -4/22 HPs)
             Began as a Gargoyle Hunter on Sept 23, 2023.
             Killed by divine providence
             ... invoked by an orc priest
              (8 damage)
             ... on level 2 of the Dungeon.
             The game lasted 00:00:26 (1216 turns).

qw the Shooter (Gargoyle Hunter)                    Turns: 1216, Time: 00:00:27

Health: -4/22      AC:  6    Str: 14    XL:     3   Next: 66%
Magic:  3/3        EV: 11    Int:  9    God:
Gold:   107        SH:  0    Dex: 15    Spells: 2/2 levels left

rFire   . . .        a - +0 shortbow
rCold   . . .        (shield currently unavailable)
rNeg    + . .        c - +0 leather armour
rPois   inf          (no helmet)
rElec   +            (no cloak)
rCorr   .            (no gloves)
SInv    .            (no boots)
Will    .....        (no amulet)
Stlth   ++           e - +4 ring of slaying {mikee}
HPRegen 0.23/turn    (no ring)
MPRegen 0.08/turn

%: no passive effects
@: no status effects
A: sickness immunity, AC +3, negative energy resistance 1, electricity
resistance, torment resistance 1, petrification resistance
a: no special abilities


You were on level 2 of the Dungeon.
You visited 1 branch of the dungeon, and saw 2 of its levels.

You collected 107 gold pieces.


Innate Abilities, Weirdness & Mutations

You are immune to sickness and miasma.
Your stone body is resilient. (AC +3)
You are immune to poison.
You resist negative energy. (rN+)
You are resistant to electric shocks. (rElec)
You are resistant to unholy torment.
You are immune to petrification.


   Skills:
 + Level 2.9 Fighting
 - Level 5.0 Ranged Weapons
 - Level 1.5 Dodging
 - Level 1.1 Stealth


You had 2 spell levels left.
You didn't know any spells.
Your spell library was empty.

Inventory:

Hand Weapons
 a - a +0 shortbow (weapon)
Armour
 c - a +0 leather armour (worn)
 f - a +0 pair of boots
Jewellery
 e - a +4 ring of slaying (left hand) {mikee}
 g - an amulet of reflection
Scrolls
 i - a scroll of teleportation {unknown}
Potions
 b - a potion of resistance {unknown}
 d - 2 potions of curing
 h - a potion of degeneration {unknown}
 j - a potion of heal wounds {unknown}

Dungeon Overview and Level Annotations

Branches:
Dungeon (2/15)

Altars:

Shops:
D:1 =   D:2 =


Message History

Enter note:
1207 |||
Found retreat position at 2,0 (floor) with 0 blocking monsters and 1 monsters attacking at destination at distance 2
1207 ||| Stepping ~*~*~tactically~*~*~ (retreating).
The orc priest invokes the aid of Beogh against you.
Beogh smites you!
You hear a shout!
Things that are here:
a bat corpse; a quokka corpse You shoot an arrow.
The arrow hits the endoplasm!
You kill the endoplasm!
You shoot an arrow. The arrow hits the orc.
The orc is heavily wounded.
The orc hits you with a +0 flail!
You shoot an arrow. The arrow hits the orc.
You kill the orc!
The orc hits you but does no damage.
Enter note:
Enter note:
Enter note:
1211 |||
Found retreat position at 1,0 (floor) with 0 blocking monsters and 1 monsters attacking at destination at distance 1
1211 ||| Stepping ~*~*~tactically~*~*~ (retreating).
You shoot an arrow. The arrow barely misses the orc.
The arrow closely misses the orc priest.
The orc completely misses you. The orc hits you but does no damage.
You shoot an arrow. The arrow hits the orc.
You kill the orc!
You shoot an arrow.
The arrow closely misses the orc priest.
The arrow hits the orc priest.
The orc priest is lightly wounded.
The orc priest hits you with a +0 short sword.
You shoot an arrow. The arrow hits the orc priest!
The orc priest is heavily wounded.
The orc priest barely misses you.
You shoot an arrow. The arrow hits the orc priest.
The orc priest is almost dead.
The orc priest looks braver for a moment.
The orc priest invokes the aid of Beogh against you.
Beogh smites you!
You die...

#.<...# #...##.... #######
#....... ###### ####....
......# ### #....
.......#.. #.... .........#
#####.... .........
#######........
........#####.......###....
........oo@................
........)####.......###....
.......### #.......#######
....... #............
....... #.......#####
.....). #.......# ....o..
#.......# ....... #.......#
#########


You could see 2 orc priests.

Vanquished Creatures
  3 orcs (D:2)
  5 ball pythons
  6 bats
  3 endoplasms
  A giant cockroach (D:2)
  2 goblins
  A hobgoblin (D:2)
  2 jackals (D:1)
  4 quokkas
  5 frilled lizards
  A kobold (D:2)
  7 rats
40 creatures vanquished.

Notes
Turn   | Place    | Note
-------+----------+-------------------------------------------
     0 | D:1      | qw the Gargoyle Hunter began the quest for the Orb.
     0 | D:1      | Reached XP level 1. HP: 12/12 MP: 1/1
     0 | D:1      | 0 ||| qw: Version: 0.3-a-83-gcd0e7d8
     0 | D:1      | 0 ||| qw: Game counter: 1448
     0 | D:1      | 0 ||| qw: Melee chars always use a shield: true
     0 | D:1      | 0 ||| qw: God list: Okawaru
     0 | D:1      | 0 ||| qw: Allow faded altars: false
     0 | D:1      | 0 ||| qw: Do Orc after clearing Dungeon:15 true
     0 | D:1      | 0 ||| qw: Do second Lair branch before Depths: true
     0 | D:1      | 0 ||| qw: Lair rune preference: random
     0 | D:1      | 0 ||| qw: Goals: Normal
     0 | D:1      | 0 ||| PLANNING D:1-11
     9 | D:1      | Noticed an ogre
   145 | D:1      | Found Xoicza's One-of-a-Kind Rings.
   160 | D:1      | 160 ||| SHOPLISTING +1 ring of protection (36 gold, have
                  | 14).
   160 | D:1      | 160 ||| SHOPLISTING +3 ring of slaying (540 gold, have 14).
   160 | D:1      | 160 ||| SHOPLISTING +3 ring of strength (120 gold, have
                  | 14).
   160 | D:1      | 160 ||| SHOPLISTING +4 ring of evasion (252 gold, have 14).
   160 | D:1      | 160 ||| SHOPLISTING ring of Eleqizie {Ice Int+2 Dex+3} (510
                  | gold, have 14).
   264 | D:1      | Reached XP level 2. HP: 17/17 MP: 2/2
   701 | D:1      | Found a faded altar of an unknown god.
   918 | D:1      | 918 ||| UPGRADING to +4 ring of slaying {mikee}.
   919 | D:1      | 919 ||| DRINKING 3 dark potions.
   920 | D:1      | 920 ||| DROPPING scroll of butterflies.
   953 | D:2      | Found Usaq Jai's Jewellery Emporium.
   955 | D:2      | 955 ||| SHOPLISTING +4 ring of slaying (780 gold, have 61).
   955 | D:2      | 955 ||| SHOPLISTING ring "Ubinli Wyposs" {*Corrode rF+ rC+
                  | Dex+3} (397 gold, have 61).
   955 | D:2      | 955 ||| SHOPLISTING ring of resist corrosion (200 gold,
                  | have 61).
   964 | D:2      | Reached XP level 3. HP: 21/21 MP: 3/3
  1079 | D:2      | Reached skill level 5 in Ranged Weapons
  1206 | D:2      | 1206 ||| Stepping ~*~*~tactically~*~*~ (retreating).
  1207 | D:2      | 1207 ||| Stepping ~*~*~tactically~*~*~ (retreating).
  1209 | D:2      | HP: 5/22 [orc/+0 flail (8)]
  1211 | D:2      | 1211 ||| Stepping ~*~*~tactically~*~*~ (retreating).
  1214 | D:2      | HP: 4/22 [orc priest/+0 short sword (3)]
  1216 | D:2      | Killed from afar by an orc priest

Levels and vault maps discovered:
D:1:      evilmike_arrival_come_back, layout_basic,
          shapermc_ecumenical_altar_totnotflames,
          amcnicky_mini_corridor_feature, nicolae_shop_unique_rings
D:2:      layout_rooms, serial_shops, nicolae_shop_gaudy_bauble

Skill      XL: |  1  2  3 |
---------------+----------+-----
Ranged Weapons | 5 |  5.0
Fighting       | |  2.9
Dodging        | |  1.5
Stealth        | |  1.1

Action                     || total
---------------------------++-------
   Fire: Shortbow          ||   107
    Use: Potion            ||     1
 Armour: Leather armour    ||    26
  Dodge: Dodged            ||    30

Table legend:
 A = Non-vault XP
 B = Vault XP
 C = Vault XP percentage of total XP
 D = Non-vault monster count
 E = Vault monster count
 F = Vault count percentage of total count
                 A         B        C        D         E       F
            +---------+---------+-------+---------+---------+-------
      Total |      66 |       0 |   0.0 |      40 |       0 |   0.0
            +---------+---------+-------+---------+---------+-------
        D:1 |      30 |       0 |   0.0 |      19 |       0 |   0.0
        D:2 |      36 |       0 |   0.0 |      21 |       0 |   0.0
            +---------+---------+-------+---------+---------+-------
